Map: Bel'Shir Vestige LE (Void)

Players

Railgan - Winner!

  • Race: Zerg Zerg
  • League: Grandmaster
  • Spawn Location: 11:00

ABomB

  • Race: Zerg Zerg
  • League: Master
  • Spawn Location: 5:00

VOD

Have the link to the VOD?

Description

Time

  • Played on: March 24, 2017, 10:36 a.m.
  • Length: 4:11
Show
View Real Time Build Order
Export as new Build Order

Railgan Zerg - Winner!

Build Orders: Pool Only 

Get SALT Encoding   

  12  0:19  Spawning Pool  
  11  0:22  Drone  
  11  0:27  Drone  
  13  0:30  Drone  
  14  0:36  Extractor  
  14  0:41  Overlord  
  13  1:06  Zergling x6  
  13  1:07  Queen  
  18  1:20  Zergling x2  
  19  1:28  Zergling x2  
  20  1:38  Zergling x2  
  21  1:40  Metabolic Boost  
  21  1:49  Zergling x2  
  22  2:01  Overlord  
  22  2:09  Baneling Nest  
  22  2:15  Zergling x2  
  20  2:24  Zergling x6  
  22  2:38  Zergling x2  
  23  2:47  Zergling x2  
  24  2:56  Baneling  
  24  2:57  Baneling x2  
  24  2:58  Baneling  
  24  3:00  Baneling, Zergling x2  
  24  3:01  Zergling x4  
  27  3:10  Zergling x4  
  29  3:24  Zergling x2  
  26  3:40  Zergling x6  
  27  3:47  Drone  
  23  3:56  Drone  
Show
View Real Time Build Order
Export as new Build Order

ABomB Zerg 

Build Orders: Hatch First 

Get SALT Encoding   

  12  0:01  Drone  
  13  0:09  Drone  
  14  0:21  Extractor x2, Drone x2  
  16  0:43  Hatchery  
  15  0:57  Spawning Pool  
  14  1:05  Extractor  
  14  1:07  Extractor, Drone x2  
  16  1:11  Overlord  
  16  1:31  Drone x2  
  18  1:40  Drone  
  18  1:44  Queen  
  21  1:55  Drone x2, Queen  
  25  2:02  Zergling x2  
  25  2:05  Spine Crawler  
  25  2:06  Zergling x2  
  23  2:18  Zergling x4  
  24  2:24  Drone  
  25  2:36  Spine Crawler  
  24  2:40  Queen  
  26  2:46  Spine Crawler  
  26  2:49  Zergling x2  
  26  2:56  Zergling x4  
  28  3:00  Overlord  
  26  3:27  Zergling x16  
  25  3:40  Zergling x2  
Tags
 
Add a new tag
Caveats
  • Supply blocks, unpowered buildings, or Contaminate may cause inaccurate times.
  • Supply counts are checked every 10 seconds.